 Dungeon Crawl Stone Soup version 0.29-a0-207-gf982a884d8 (console) character file.

Game seed: 15320486989632098474

280474 jejorda2 the Crack Shot (level 19, -3/132 HPs)
             Began as a Deep Elf Hunter on Feb 23, 2022.
             Was a High Priest of Ashenzari.
             Slain by Mennas
             ... wielding a +2 trishula of holy wrath
              (20 damage)
             ... on level 2 of the Vaults on Feb 24, 2022.
             The game lasted 02:42:14 (34262 turns).

jejorda2 the Crack Shot (Deep Elf Hunter)          Turns: 34262, Time: 02:42:15

Health: -3/132     AC: 15    Str: 11    XL:     19   Next: 68%
Magic:  22/31      EV: 33    Int: 19    God:    Ashenzari [*****.]
Gold:   4383       SH:  0    Dex: 25    Spells: 16/32 levels left

rFire   . . .      SeeInvis +   a - +2 longbow {vorpal, Cun, Elem} (curse)
rCold   + + +      Faith    .   (shield currently unavailable)
rNeg    . . .      Spirit   .   F - +4 skin of Zhor {*Englaciate rC+++ SInv, Range, Bglg} (curse)
rPois   .          Reflect  .   o - +2 helmet "Share My Restlessness" {Cun, Fort} (curse)
rElec   +          Harm     .   h - scarf "Ensconced Urgency" {+Inv, Comp, Cun} (curse)
rCorr   .          Rampage  .   Y - +2 pair of gloves {infuse}
Will    +....      Clarity  +   B - +0 pair of boots "Shackled Together" {Fort, Range} (curse)
Stlth   ++........              k - amulet of the Sublime Sorrow {Regen+, Fort, Range} (curse)
HPRegen 1.12/turn               S - ring "Aniboim" {rElec Slay+3 SInv}
MPRegen 0.22/turn               i - ring "Ensconced Fanaticism" {Dex+6, Bglg, Evo} (curse)

@: mighty, glowing, studying 3 skills, silenced
A: no striking features
}: 2/15 runes: decaying, gossamer
a: Renounce Religion, Evoke Invisibility, Curse Item, Shatter the Chains


You were on level 2 of the Vaults.
You worshipped Ashenzari.
Ashenzari was extremely pleased with you.
You visited 7 branches of the dungeon, and saw 34 of its levels.
You also visited: Bailey, Gauntlet, Ice Cave and Volcano.

You collected 5552 gold pieces.
You spent 1169 gold pieces at shops.

Inventory:

Hand Weapons
 a - the cursed +2 longbow "Lashed Negation" (weapon) {vorpal, Cun, Elem}
   (You took it off a centaur warrior on level 8 of the Dungeon)

   Any ammunition fired from it inflicts extra damage upon your enemies.
   It has a curse which improves the following skills: Cunning: Dodging and
   Stealth.
   Elements:  Fire Magic, Ice Magic, Air Magic and Earth Magic.
 X - a +7 longbow of freezing
Missiles
 b - 36 javelins
 e - a throwing net
 T - 6 silver javelins
Armour
 h - the cursed scarf "Ensconced Urgency" (worn) {+Inv, Comp, Cun}
   (You found it on level 4 of the Dungeon)

   It has a curse which improves the following skills: Companions: Summonings
   and Necromancy.
   Cunning:   Dodging and Stealth.
 o - the cursed +2 helmet "Share My Restlessness" (worn) {Cun, Fort}
   (You took it off Robin on level 3 of the Dungeon)

   It has a curse which improves the following skills: Cunning: Dodging and
   Stealth.
   Fortitude: Armour and Shields.
 B - the cursed +0 pair of boots "Shackled Together" (worn) {Fort, Range}
   (You found it on level 1 of the Lair of Beasts)

   It has a curse which improves the following skills: Fortitude: Armour and
   Shields.
   Ranged Combat: Slings, Bows, Crossbows and Throwing.
 F - the cursed +4 skin of Zhor (worn) {*Englaciate rC+++ SInv, Range, Bglg}
   (You found it in an ice cave)

   It radiates cold, occasionally slowing all nearby creatures who are not
   resistant to cold.
   rC:        It renders you almost immune to cold.
   SInv:      It lets you see invisible.
   It has a curse which improves the following skills: Ranged Combat: Slings,
   Bows, Crossbows and Throwing.
   Beguiling: Conjurations, Hexes and Translocations.
 Y - a +2 pair of gloves of infusion (worn)
Jewellery
 f - a +4 ring of protection
 i - the cursed ring "Ensconced Fanaticism" (right hand) {Dex+6, Bglg, Evo}
   (You found it on level 1 of the Dungeon)

   [ring of dexterity]

   Dex:       It affects your dexterity (+6).
   It has a curse which improves the following skills: Beguiling: Conjurations,
   Hexes and Translocations.
   Evocations: Evocations.
 k - the cursed amulet of the Sublime Sorrow (around neck) {Regen+, Fort, Range}
   (You found it on level 4 of the Dungeon)

   [amulet of regeneration]

   Regen:     It increases your rate of health regeneration.
   It has a curse which improves the following skills: Fortitude: Armour and
   Shields.
   Ranged Combat: Slings, Bows, Crossbows and Throwing.
 x - a ring of flight
 A - a ring of ice
 G - the ring "Suusac" {rN+ Will+}
   (You found it in an ice cave)

   [ring of positive energy]

   rN:        It protects you from negative energy.
   Will:      It increases your willpower.
 N - a ring of protection from fire
 O - the ring "Opuamal" {+Blink rElec rCorr}
   (You bought it in a shop on level 2 of the Orcish Mines)

   [ring of resist corrosion]

   rElec:     It insulates you from electricity.
   +Blink:    It lets you blink.
   rCorr:     It protects you from acid and corrosion.
 S - the ring "Aniboim" (left hand) {rElec Slay+3 SInv}
   (You took it off a minotaur in a Gauntlet)

   [ring of see invisible]

   Slay:      It affects your accuracy & damage with ranged weapons and melee
   (+3).
   rElec:     It insulates you from electricity.
   SInv:      It lets you see invisible.
Wands
 c - a wand of iceblast (38)
 r - a wand of digging (19)
 u - a wand of acid (16)
 v - a wand of charming (18)
 H - a wand of paralysis (15)
 U - a wand of polymorph (10)
 V - a wand of flame (47)
Scrolls
 m - 9 scrolls of blinking
 n - 2 scrolls of amnesia
 q - 2 scrolls of enchant armour
 t - 12 scrolls of teleportation
 w - 4 scrolls of fog
 C - 6 scrolls of magic mapping
 J - 2 scrolls of fear
 L - 2 scrolls of summoning
 Q - a scroll of holy word
Potions
 d - 11 potions of curing
 g - 7 potions of invisibility
 j - 2 potions of might
 l - 2 potions of mutation
 s - 4 potions of flight
 z - 6 potions of haste
 D - 6 potions of brilliance
 E - 6 potions of ambrosia
 I - 3 potions of magic
 M - 2 potions of cancellation
 R - a potion of resistance
Miscellaneous
 p - a phial of floods
 K - a condenser vane
 P - a tin of tremorstones (2/2)
 W - a lightning rod (4/4)


   Skills:
 + Level 18.9 Fighting
 - Level 24.7(27) Bows
 - Level 7.5(12.0) Armour
 - Level 17.7(22.0) Dodging
 - Level 4.1(8.1) Stealth
 + Level 7.0 Spellcasting
 - Level 2.5(5.2) Conjurations
 * Level 6.6(10.1) Translocations
 - Level 6.0 Transmutations
 - Level 2.2(4.0) Air Magic
 - Level 3.5(5.6) Earth Magic
 - Level 10.0 Poison Magic
 - Level 9.6(12.0) Evocations


You had 16 spell levels left.
You knew the following spells:

 Your Spells              Type           Power      Damage    Failure   Level
a - Mephitic Cloud        Conj/Pois/Air  31%        N/A       2%          3
b - Olgreb's Toxic Radia  Pois           44%        N/A       1%          4
c - Alistair's Intoxicat  Tmut/Pois      24%        N/A       11%         5
k - Blink                 Tloc           90%        N/A       1%          2
p - Passwall              Tmut/Erth      23%        N/A       1%          2

Your spell library contained the following spells:

 Spells                   Type           Power      Damage    Failure   Level
 Apportation              Tloc           90%        N/A       1%          1
 Sandblast                Erth           54%        2d13      1%          1
 Sting                    Tmut/Pois      100%       1d8       1%          1
 Poisonous Vapours        Pois/Air       66%        N/A       1%          2
 Lesser Beckoning         Tloc           45%        N/A       1%          3
 Foxfire                  Conj/Fire      68%        2x1d7     3%          1
 Ignite Poison            Fire/Tmut/Pois 27%        N/A       3%          3
 Stone Arrow              Conj/Erth      54%        3d10      3%          3
 Manifold Assault         Tloc           45%        N/A       4%          5
 Corpse Rot               Necr/Air       28%        N/A       6%          2
 Animate Skeleton         Necr           14%        N/A       9%          1
 Pain                     Necr           28%        1d5       9%          1
 Slow                     Hex            32%        N/A       9%          1
 Conjure Flame            Conj/Fire      17%        6-21      10%         3
 Dazzling Flash           Conj/Hex       34%        N/A       10%         3
 Dispersal                Tloc           22%        N/A       24%         6
 Confusing Touch          Hex            8%         N/A       26%         3
 Inner Flame              Hex/Fire       8%         N/A       26%         3
 Ozocubu's Armour         Ice            7%         N/A       26%         3
 Tukima's Dance           Hex            8%         N/A       26%         3
 Vampiric Draining        Necr           7%         2d6       26%         3
 Animate Armour           Summ/Erth      34%        N/A       30%         4
 Flame Wave               Conj/Fire      17%        2d6       32%         4
 Summon Forest            Summ/Tloc      13%        N/A       32%         5
 Eringya's Noxious Bog    Tmut/Pois      18%        N/A       50%         6
 Freezing Cloud           Conj/Ice/Air   9%         6-21      58%         5
 Cause Fear               Hex            4%         N/A       63%         4
 Borgnjor's Vile Clutch   Necr/Erth      8%         N/A       63%         5
 Anguish                  Hex/Necr       4%         N/A       65%         4
 Animate Dead             Necr           3%         N/A       65%         4
 Silence                  Hex/Air        7%         N/A       73%         5
 Agony                    Necr           7%         N/A       94%         5
 Excruciating Wounds      Necr           3%         N/A       94%         5
 Metabolic Englaciation   Hex/Ice        4%         N/A       94%         5
 Death Channel            Necr           3%         N/A       100%        6
 Simulacrum               Ice/Necr       3%         N/A       100%        6
 Dragon Form              Tmut           14%        N/A       100%        7
 Enfeeble                 Hex            4%         N/A       100%        7
 Ozocubu's Refrigeration  Ice            3%         4d5       100%        7
 Summon Hydra             Summ           3%         N/A       100%        7
 Disjunction              Tloc           22%        N/A       100%        8
 Lehudib's Crystal Spear  Conj/Erth      13%        10d5      100%        8
 Dragon's Call            Summ           3%         N/A       100%        9


Dungeon Overview and Level Annotations

Branches:
Dungeon (15/15)            Temple (1/1) D:5            Lair (6/6) D:11
  Swamp (4/4) Lair:3       Spider (4/4) Lair:4        Slime (0/5) Lair:5
    Orc (2/2) D:11            Elf (0/3) Orc:2        Vaults (2/5) D:13
 Depths (0/4) D:15         Bailey (visited)           IceCv (visited)
Volcano (visited)         Gauntlet (visited)
  Crypt: Vaults:2-3

Altars:
Ashenzari
Cheibriados
Dithmenos
Elyvilon
Fedhas
Gozag
Hepliaklqana
Kikubaaqudgha
Makhleb
Nemelex Xobeh
Okawaru
Qazlal
Ru
Sif Muna
Trog
Uskayaw
Vehumet
Wu Jian
Xom
Yredelemnul
Zin
The Shining One
Jiyva

Shops:
D:2 *   D:9 ((   Orc:2 [!=*

Portals:
Abyss: D:10
Pandemonium: Orc:2
Trove: D:15 (give +3 shadow dragon scales)

Annotations:
D:5 3 runed translucent doors, frimble's ghost, novice GnIE
D:10 2 transporters, SirFunk's ghost, journeyman DjNe
Lair:2 2 transporters, ReploidZero's ghost, journeyman VSFi
Lair:6 1 runed translucent door, pokeman's ghost, journeyman DEWz
Orc:2 2 transporters, IdlyInterested's ghost, journeyman DsWn
Vaults:2 Mennas


Message History

You attempt to intoxicate your foes!
The slime creature is no longer moving slowly.
Mennas hits you from afar with a +2 trishula of holy wrath.
Mennas hits you from afar with a +2 trishula of holy wrath!
Casting: Alistair's Intoxication (dangerous; 11% risk of failure)
Confirm with . or Enter, or press ? or * to list all spells.
You blink.
Mennas gestures frantically.
Mennas's surroundings become eerily quiet.
Mennas hits you from afar with a +2 trishula of holy wrath!! x2
Unknown command.
You feel very mighty all of a sudden.
You feel stable enough to blink again.
The slime creature is no longer moving slowly.
Mennas hits you from afar with a +2 trishula of holy wrath!
Mennas hits you but does no damage.
Okay, then.
Unknown command.
Unknown command.
Shoot: a) +2 longbow {vorpal, Cun, Elem} (curse)
Press: ? - help, Q - select action, (/) - cycle Shift-Dir - straight line, f - Mennas
Aim: Mennas, wielding a +2 trishula of holy wrath and wearing a +0 tower shield (noxious fumes, silenced, radiating silence, haloed, 60% to hit)
You shoot an arrow.
Mennas blocks the arrow.
The slime creature is no longer moving slowly.
Mennas completely misses you. x2
Shoot: a) +2 longbow {vorpal, Cun, Elem} (curse)
Press: ? - help, Q - select action, (/) - cycle Shift-Dir - straight line, f/p - Mennas
Aim: Mennas, wielding a +2 trishula of holy wrath and wearing a +0 tower shield (noxious fumes, silenced, radiating silence, haloed, 60% to hit)
You shoot an arrow. The arrow completely misses Mennas.
You radiate an aura of cold.
The slime creature seems to slow down. x2
Mennas resists.
The slime creature seems to slow down.
Mennas hits you from afar with a +2 trishula of holy wrath!!
Mennas misses you.
Shoot: a) +2 longbow {vorpal, Cun, Elem} (curse)
Press: ? - help, Q - select action, (/) - cycle Shift-Dir - straight line, f/p - Mennas
Aim: Mennas, wielding a +2 trishula of holy wrath and wearing a +0 tower shield (noxious fumes, silenced, radiating silence, haloed, 60% to hit)
You shoot an arrow.
Mennas blocks the arrow.
Mennas hits you from afar with a +2 trishula of holy wrath!!
* * * LOW HITPOINT WARNING * * *
Mennas hits you from afar with a +2 trishula of holy wrath!!
You die...

#######......##########'##
* * ** ####......########
..,,,, ###......#### *, ,,
, , , ###......######## *
* ,* ###......'......# ,
,*,, , ###......#..°...#,,
** , ###......#JA○...#,
,,* , * *
###......#.°JJ..#..#, *, *
,* ###......#..@...'..#
,,* ,* #......#......#..#
** , #......######## ,, ,
* ,* #......####### ,, , *
#......# ** ** *** * * ,,,
* * * * , ,,,** ** * ,,,,,
, ,, , ,,, , ,,,,, ** * *
* * * * * * * *


You could see Mennas (silencing) and 3 slime creatures.

Vanquished Creatures
  Jory (Vaults:2)
  Rupert (Lair:6)
  Mlioglotl (Spider:3)
  Asterion (Spider:1)
  Gastronok (Lair:2)
  A thorn hunter (Swamp:1)
  Kirke (Swamp:3)
  Donald (Orc:2)
  A tengu reaver (Vaults:1)
  A fenstrider witch (Swamp:4)
  2 ghost moths (Spider:4)
  A fire giant (Vaults:1)
  6 emperor scorpions (Spider:4)
  A frost giant (Vaults:1)
  2 vault wardens
  2 broodmothers (Spider:4)
  An orc warlord (Orc:1)
  2 ghouls (Swamp:4)
  4 ironbound preservers
  4 very ugly things
  A stone giant (Vaults:1)
  5 eleionomae
  Nessos (Lair:4)
  A deep elf annihilator (Vaults:1)
  2 ironbound thunderhulks (Vaults:1)
  4 entropy weavers
  A minotaur (Gauntlet)
  9 dire elephants
  Azrael (D:13)
  A bunyip (Swamp:4)
  8 spark wasps
  A deep elf death mage (Vaults:2)
  Snorg (D:13)
  An ettin (Orc:1)
  2 shambling mangroves (Swamp:4)
  A fire dragon (Lair:6)
  A great orb of eyes (Gauntlet)
  9 boulder beetles
  5 yaktaur captains
  26 hydras
  3 vault guards (D:13)
  A radroach (Spider:2)
  2 ghost crabs
  2 ironbound frosthearts (Vaults:1)
  An ogre mage (D:15)
  3 demonspawn (Orc:2)
  7 jorogumos
  A spriggan air mage (Swamp:1)
  20 centaur warriors
  4 catoblepae
  2 alligators
  A death knight (D:15)
  3 tengu warriors (D:14)
  10 two-headed ogres
  A death scarab (Spider:2)
  6 death yaks (Lair:3)
  8 orc high priests (Orc:2)
  Urug (Lair:5)
  A spriggan berserker (Swamp:4)
  A hell knight (Volcano)
  A soul eater (Gauntlet)
  Nergalle (Lair:3)
  2 sun moths
  A sixfirhy (Orc:2)
  13 deep trolls
  A deep troll (shapeshifter) (Vaults:1)
  6 pharaoh ants
  4 goliath frogs
  7 steelbarb worms
  8 orb spiders
  4 skeletal warriors (D:15)
  6 spriggan druids
  12 swamp dragons
  A steelbarb worm (shapeshifter) (D:12)
  6 lindwurms
  2 deep elf pyromancers
  4 wizards
  Pikel (D:7)
  9 bog bodies
  8 orc knights
  7 ironbound convokers
  A phantasmal warrior (D:15)
  A necromancer (IceCv)
  23 ugly things
  4 orc sorcerers
  24 wolf spiders
  4 manticores
  10 cyclopes
  2 will-o-the-wisps (Swamp:1)
  2 moths of wrath
  A salamander (D:15)
  5 black mambas
  A guardian serpent (Lair:6)
  2 rust devils (Orc:2)
  An ice statue (IceCv)
  5 torpor snails
  8 vault sentinels
  3 gargoyles
  14 komodo dragons
  2 minotaur zombies (Gauntlet)
  25 cane toads
  A hellion (Gauntlet)
  A kobold demonologist (D:9)
  2 unseen horrors (D:8)
  A rime drake (Lair:6)
  18 yaktaurs
  A hellwing (Orc:2)
  An anaconda simulacrum (IceCv)
  2 efreet
  5 freezing wraiths
  4 entropy weaver simulacra (IceCv)
  19 demonic crawlers
  10 ice devils (IceCv)
  A tengu conjurer (D:13)
  3 trolls
  6 tyrant leeches
  A meliai (shapeshifter) (D:14)
  9 meliai
  A polar bear (Lair:3)
  A bloated husk (Swamp:3)
  13 hornets
  22 tarantellas
  9 slime creatures
  21 blink frogs
  23 jumping spiders
  14 culicivoras
  A centaur simulacrum (D:12)
  11 spriggans
  5 wraiths
  A ynoxinul (Orc:2)
  28 yaks
  A vampire (D:10)
  2 fire elementals (D:13)
  A spriggan (shapeshifter) (D:12)
  7 wyverns
  3 dire elephant simulacra (IceCv)
  A human (D:13)
  8 fire bats (Volcano)
  8 basilisks
  4 steam dragons
  4 death yak simulacra (IceCv)
  7 vampire mosquitoes
  47 redbacks
  5 wargs (Orc:2)
  21 swamp worms
  5 hell hounds
  5 acid dragons
  24 water moccasins
  9 swamp drakes
  43 orc warriors
  2 sky beasts
  A black bear (D:4)
  3 necrophages
  A hornet zombie (D:8)
  4 wolves (Lair:3)
  11 ogres
  18 centaurs
  3 lemures (D:7)
  2 phantoms
  19 bullfrogs
  A wyvern zombie (D:9)
  3 two-headed ogre simulacra (IceCv)
  2 water moccasin zombies (D:6)
  4 cane toad simulacra (IceCv)
  A wyvern skeleton (D:5)
  4 killer bees (D:11)
  A water moccasin skeleton (D:4)
  5 elephant simulacra (IceCv)
  9 howler monkeys
  10 wights
  2 electric eels
  A crimson imp (Spider:2)
  7 lava snakes (Volcano)
  5 centaur zombies
  A jelly (D:6)
  7 hounds
  A bullfrog skeleton (D:6)
  17 orc priests
  4 iguanas
  24 orc wizards
  2 troll simulacra (IceCv)
  A polar bear simulacrum (IceCv)
  5 wolf simulacra (IceCv)
  Robin (D:3)
  5 adders
  A naga simulacrum (IceCv)
  3 shadow imps
  2 white imps
  An ufetubus (D:6)
  3 worms
  4 dart slugs
  83 orcs
  9 ball pythons
  4 bats
  10 endoplasms
  3 giant cockroaches
  9 hobgoblins
  11 kobolds
  2 quokkas (D:4)
  3 frilled lizards
  21 goblins
  2 rats (D:1)
1234 creatures vanquished.

Vanquished Creatures (others)
  A spriggan berserker (Swamp:1)
  A komodo dragon (Lair:6)
  A human (Swamp:3)
  22 fungi
  55 plants
80 creatures vanquished.

Grand Total: 1314 creatures vanquished

Notes
Turn   | Place    | Note
-------+----------+-------------------------------------------
     0 | D:1      | jejorda2 the Deep Elf Hunter began the quest for the Orb.
     0 | D:1      | Reached XP level 1. HP: 12/12 MP: 3/3
   234 | D:1      | Reached skill level 6 in Bows
   234 | D:1      | Reached XP level 2. HP: 16/16 MP: 4/4
   956 | D:2      | Reached XP level 3. HP: 20/20 MP: 5/5
  1084 | D:2      | Found Patux's General Store.
  1095 | D:2      | Bought a scroll of identify for 26 gold pieces
  1095 | D:2      | Bought a scroll of teleportation for 39 gold pieces
  1132 | D:2      | Reached skill level 7 in Bows
  1226 | D:2      | Found a sparkling altar of Nemelex Xobeh.
  1473 | D:3      | Reached XP level 4. HP: 26/26 MP: 6/6
  1482 | D:3      | Noticed a great orb of eyes
  1553 | D:3      | Noticed Robin
  1563 | D:3      | Killed Robin
  1812 | D:3      | Found a faded altar of an unknown god.
  1820 | D:3      | Noticed a shining eye
  1820 | D:3      | Noticed a golden eye
  1820 | D:3      | Noticed a golden eye
  1970 | D:3      | Reached XP level 5. HP: 30/30 MP: 7/7
  2283 | D:4      | Reached skill level 8 in Bows
  2451 | D:4      | Noticed a black bear
  2457 | D:4      | Killed a black bear
  2458 | D:4      | Reached XP level 6. HP: 36/36 MP: 8/8
  2721 | D:4      | Reached skill level 9 in Bows
  3512 | D:5      | Entered Level 5 of the Dungeon
  3520 | D:5      | Reached XP level 7. HP: 40/40 MP: 9/9
  3531 | D:5      | Reached skill level 10 in Bows
  3557 | D:5      | Found a staircase to the Ecumenical Temple.
  3576 | Temple   | Entered the Ecumenical Temple
  3648 | Temple   | Became a worshipper of Ashenzari the Shackled
  3807 | D:2      | Bought a +3 leather armour of cold resistance for 312 gold
                  | pieces
  3880 | D:5      | You fall into a shaft and drop 2 floors!
  3908 | D:7      | Found a flagged portal.
  3921 | Bailey   | Entered a bailey
  3970 | Bailey   | Reached skill level 11 in Bows
  3974 | Bailey   | Reached skill level 5 in Dodging
  4124 | Bailey   | Reached XP level 8. HP: 34/45 MP: 10/10
  4262 | Bailey   | Reached skill level 12 in Bows
  4912 | Bailey   | Reached skill level 1 in Armour
  4926 | Bailey   | Reached XP level 9. HP: 52/52 MP: 11/11
  5008 | Bailey   | Reached skill level 13 in Bows
  5184 | Bailey   | Reached skill level 19 in Bows
  5184 | Bailey   | Reached XP level 10. HP: 56/56 MP: 12/12
  5306 | D:7      | Noticed Pikel
  5325 | D:7      | Killed Pikel
  5430 | D:7      | Noticed a cyclops
  5436 | D:7      | Killed a cyclops
  5606 | D:7      | Reached * piety under Ashenzari
  6299 | D:5      | Reached ** piety under Ashenzari
  6368 | D:5      | Found a shadowy altar of Dithmenos.
  6530 | D:5      | Found a runed translucent gate.
  6530 | D:5      | Found a runed translucent gate.
  6531 | D:5      | Noticed frimble's ghost (novice GnIE)
  6532 | D:5      | Found a runed translucent gate.
  6884 | D:8      | Reached skill level 5 in Fighting
  7199 | D:8      | Reached XP level 11. HP: 64/64 MP: 13/13
  7332 | D:8      | Noticed a catoblepas
  7380 | D:8      | Noticed a boulder beetle
  7465 | D:8      | Killed a boulder beetle
  7466 | D:8      | Reached skill level 1 in Evocations
  7502 | D:8      | Noticed a centaur warrior
  7512 | D:8      | Killed a centaur warrior
  7579 | D:8      | Identified the +1 short sword "Worm" {drain, +Blink Str+4
                  | SInv}
  7592 | D:8      | Killed a catoblepas
  7830 | D:8      | Learned a level 2 spell: Passwall
  7830 | D:8      | Reached *** piety under Ashenzari
  7830 | D:8      | Reached **** piety under Ashenzari
  7899 | D:9      | Found Kenai's Weapon Shop.
  7952 | D:9      | Found a large runed translucent door.
  7952 | D:9      | Found a large runed translucent door.
  7956 | D:9      | Noticed a centaur warrior
  7962 | D:9      | Found the +3 warlock's mirror {reflect}
  7982 | D:9      | Reached skill level 1 in Spellcasting
  7984 | D:9      | Killed a centaur warrior
  7985 | D:9      | Reached skill level 1 in Translocations
  7985 | D:9      | Reached skill level 1 in Earth Magic
  7986 | D:9      | Found a large runed translucent door.
  7986 | D:9      | Found a large runed translucent door.
  8116 | D:9      | Found Siaddeip's Antique Weapon Boutique.
  8286 | D:9      | Noticed a two-headed ogre
  8291 | D:9      | Killed a two-headed ogre
  8607 | D:9      | Noticed a centaur warrior
  8621 | D:9      | Killed a centaur warrior
  8683 | D:9      | Reached XP level 12. HP: 76/76 MP: 23/23
  8717 | D:10     | Entered Level 10 of the Dungeon
  8734 | D:10     | Found a transporter.
  8940 | D:10     | Noticed a two-headed ogre
  8945 | D:10     | Killed a two-headed ogre
  9067 | D:10     | Found a one-way gate to the infinite horrors of the Abyss.
  9067 | D:10     | Noticed SirFunk's ghost (journeyman DjNe)
  9068 | D:10     | Found a transporter.
  9428 | D:11     | Found a frozen archway.
  9445 | IceCv    | Entered an ice cave
  9761 | IceCv    | Reached skill level 5 in Evocations
  9799 | IceCv    | Found the +4 skin of Zhor {*Englaciate rC+++ SInv}
  9863 | IceCv    | Reached skill level 10 in Dodging
 10127 | IceCv    | Found an ancient bone altar of Kikubaaqudgha.
 10226 | IceCv    | Identified the ring "Suusac" {rN+ Will+}
 10332 | D:11     | Found a staircase to the Lair.
 10438 | D:11     | Found a staircase to the Orcish Mines.
 10477 | D:11     | Learned a level 3 spell: Mephitic Cloud
 10650 | D:11     | Reached ***** piety under Ashenzari
 11028 | Lair:1   | Entered Level 1 of the Lair of Beasts
 11052 | Lair:1   | Reached skill level 1 in Conjurations
 11052 | Lair:1   | Reached skill level 1 in Poison Magic
 11052 | Lair:1   | Reached XP level 13. HP: 72/84 MP: 24/24
 11089 | Lair:1   | Reached skill level 1 in Air Magic
 11598 | Lair:2   | Learned a level 4 spell: Olgreb's Toxic Radiance
 11635 | Lair:2   | Noticed Gastronok
 11640 | Lair:2   | Killed Gastronok
 11713 | Lair:2   | Identified a scroll of acquirement
 11725 | Lair:2   | Noticed ReploidZero's ghost (journeyman VSFi)
 11732 | Lair:2   | Acquired 1193 gold pieces
 11751 | Lair:2   | Found a transporter.
 11883 | Lair:2   | Reached skill level 5 in Poison Magic
 11983 | Lair:2   | Found a transporter.
 12190 | Lair:3   | Found a dark tunnel.
 12222 | Volcano  | Entered a volcano
 12380 | Volcano  | Found a bloodstained altar of Trog.
 12403 | Volcano  | Found a bloodstained altar of Trog.
 12655 | Lair:3   | Reached skill level 10 in Fighting
 12773 | Lair:3   | Noticed Nergalle
 12783 | Lair:3   | Killed Nergalle
 12840 | Lair:3   | Found a staircase to the Swamp.
 13253 | Lair:4   | Found a hole to the Spider Nest.
 13293 | Lair:4   | Noticed Nessos
 13299 | Lair:4   | Killed Nessos
 13300 | Lair:4   | Reached XP level 14. HP: 88/92 MP: 21/25
 13797 | Lair:4   | Reached skill level 10 in Poison Magic
 13912 | Lair:4   | Learned a level 5 spell: Alistair's Intoxication
 13999 | Lair:5   | Reached skill level 1 in Transmutations
 14470 | Lair:5   | Found a viscous altar of Jiyva.
 14499 | Lair:5   | Found a staircase to the Slime Pits.
 14718 | Lair:6   | Entered Level 6 of the Lair of Beasts
 14725 | Lair:6   | Noticed Urug
 14792 | Lair:5   | Killed Urug
 15006 | Lair:5   | Reached skill level 5 in Transmutations
 15098 | Lair:6   | Noticed Rupert
 15114 | Lair:6   | Killed Rupert
 15361 | Lair:6   | Noticed pokeman's ghost (journeyman DEWz)
 15517 | Lair:6   | Found a runed translucent door.
 15807 | Lair:6   | HP: 4/96 [fire dragon (4)]
 16360 | Orc:1    | Entered Level 1 of the Orcish Mines
 16790 | Orc:2    | Entered Level 2 of the Orcish Mines
 16794 | Orc:2    | Noticed an orc warlord
 16805 | Orc:2    | Reached XP level 15. HP: 101/101 MP: 26/26
 16845 | Orc:1    | Killed an orc warlord
 17192 | Orc:2    | Found Tyiho's General Store.
 17193 | Orc:2    | Found Johaum Jirru's Distillery.
 17204 | Orc:2    | Bought a potion of cancellation for 136 gold pieces
 17689 | Orc:2    | Found a one-way gate leading to the halls of Pandemonium.
 17766 | Orc:2    | Found Pean's Jewellery Shoppe.
 17775 | Orc:2    | Found Oshrumn's Antique Armour Emporium.
 17927 | Orc:2    | Found a staircase to the Elven Halls.
 18047 | Orc:2    | Found a transporter.
 18049 | Orc:2    | Noticed Donald
 18068 | Orc:2    | Killed Donald
 18075 | Orc:2    | Noticed IdlyInterested's ghost (journeyman DsWn)
 18132 | Orc:2    | Identified the +1 pair of boots of Verewait {*Slow Int+7
                  | Dex-4}
 18133 | Orc:2    | Identified the +0 flail of Dismay {pain, Contam rC++ rN+++
                  | Str-2}
 18138 | Orc:2    | Found a transporter.
 18429 | D:12     | Found a gate leading to a gauntlet.
 18443 | Gauntlet | Entered a Gauntlet
 18443 | Gauntlet | Found a transporter.
 18443 | Gauntlet | Found a runed translucent gate.
 18443 | Gauntlet | Found a transporter.
 18445 | Gauntlet | Found a runed translucent gate.
 18455 | Gauntlet | Found a transporter.
 18472 | Gauntlet | Found a transporter.
 18472 | Gauntlet | Found a transporter.
 18472 | Gauntlet | Found a transporter.
 18474 | Gauntlet | Found a transporter.
 18474 | Gauntlet | Found a transporter.
 18486 | Gauntlet | Found a transporter.
 18487 | Gauntlet | Identified the ring "Urimen" {rF+++ Int+6 Dex+7 Stlth-}
 18499 | Gauntlet | Identified the +0 helmet "Muikkeim" {Fly rN+}
 18501 | Gauntlet | Found a transporter.
 18509 | Gauntlet | Found a runed translucent door.
 18511 | Gauntlet | Found a transporter.
 18513 | Gauntlet | Found a runed translucent door.
 18525 | Gauntlet | Found a transporter.
 18539 | Gauntlet | Found the +3 pair of seven-league boots {Rampage+∞}
 18544 | Gauntlet | Found a transporter.
 18556 | Gauntlet | Found a transporter.
 18570 | Gauntlet | Found a runed translucent gate.
 18704 | Gauntlet | Identified the +1 ring mail of Objectivity {rC+ Str+3}
 18706 | Gauntlet | Identified the ring "Aniboim" {rElec Slay+3 SInv}
 19730 | D:13     | Noticed Snorg
 19734 | D:13     | Killed Snorg
 20170 | D:13     | Noticed Azrael
 20183 | D:13     | Killed Azrael
 20565 | D:13     | Identified the +3 scale mail of Existentialism {Rampage rF+
                  | Str-3 Dex+9}
 20626 | D:13     | Reached XP level 16. HP: 103/110 MP: 27/27
 20710 | D:13     | Found a gate to the Vaults.
 21021 | Orc:2    | Bought the ring "Opuamal" {+Blink rElec rCorr} for 656 gold
                  | pieces
 21211 | D:14     | Reached skill level 5 in Armour
 21810 | D:15     | Entered Level 15 of the Dungeon
 21819 | D:15     | Found an opulent altar of Gozag.
 21904 | D:15     | Found a staircase to the Depths.
 22083 | D:15     | Found a portal to a secret trove of treasure.
 22930 | Spider:1 | Entered Level 1 of the Spider Nest
 23051 | Spider:1 | Noticed Asterion
 23063 | Spider:1 | Killed Asterion
 23064 | Spider:1 | Reached skill level 15 in Fighting
 24184 | Spider:2 | Reached XP level 17. HP: 119/119 MP: 28/28
 24223 | Spider:2 | HP: 5/111 [redback simulacrum (3)]
 25028 | Spider:3 | Reached skill level 20 in Bows
 25366 | Spider:3 | Noticed Mlioglotl
 25378 | Spider:3 | Killed Mlioglotl
 25561 | Spider:3 | Reached skill level 15 in Dodging
 25927 | Spider:4 | Entered Level 4 of the Spider Nest
 26053 | Spider:4 | Found the ring of Shadows {Umbra +Inv Stlth+}
 26262 | Spider:4 | Reached skill level 21 in Bows
 27103 | Spider:4 | Got a gossamer rune of Zot
 27423 | Swamp:1  | Entered Level 1 of the Swamp
 27507 | Swamp:1  | Reached XP level 18. HP: 86/128 MP: 25/29
 27806 | Swamp:1  | Reached skill level 22 in Bows
 27873 | Swamp:1  | Identified the +4 dagger of Ziviod {vorpal, Str+3}
 28652 | Swamp:2  | Identified the +9 eveningstar "Xuanuiv" {drain, rC++ Dex+3}
 29240 | Swamp:3  | Learned a level 2 spell: Blink
 29367 | Swamp:3  | Noticed Kirke
 29377 | Swamp:3  | Killed Kirke
 29518 | Swamp:3  | Identified the +3 hand axe of Guiqa {spect, *Corrode Dex+7}
 29785 | Swamp:4  | Entered Level 4 of the Swamp
 30146 | Swamp:4  | Identified the +2 leather armour "Duariri" {rN++ Int+4
                  | Dex-2}
 30185 | Swamp:4  | Reached skill level 23 in Bows
 30926 | Swamp:4  | Got a decaying rune of Zot
 31489 | Vaults:1 | Entered Level 1 of the Vaults
 31866 | Vaults:1 | Reached XP level 19. HP: 130/130 MP: 27/27
 31898 | Vaults:1 | Reached skill level 24 in Bows
 32103 | Vaults:1 | Acquired 592 gold pieces
 33279 | Vaults:2 | Reached skill level 5 in Spellcasting
 33445 | Vaults:2 | Noticed Jory
 33462 | Vaults:2 | Killed Jory
 33758 | Vaults:2 | Reached skill level 5 in Translocations
 34253 | Vaults:2 | Noticed Mennas
 34262 | Vaults:2 | Slain by Mennas

Illustrated notes

Levels and vault maps discovered:
D:1:      dpeg_arrival_court, layout_basic
D:2:      layout_rooms, serial_shops, shop, basic_altar
D:3:      layout_rooms, hellmonk_ecumenical_altar_watching_god, uniq_robin
D:4:      layout_loops_corners, minmay_joined_circles
D:5:      layout_loops_cross, nicolae_dithmenos_the_darkroom,
          minmay_temple_entry_large_hall, ebering_ghost_rock_garden
D:6:      layout_loops_cross, st_stairs_2, minivault_26
D:7:      layout_rooms, enter_bailey_3, uniq_pikel
D:8:      layout_loops_ring, grunt_ministairs_15, minmay_evil_grid
D:9:      layout_basic, serial_shops, nicolae_shop_behind_doors,
          nicolae_shop_waterfront, minmay_hollow_rounded_squares
D:10:     layout_stronghold, gammafunk_ghost_abyssal_escape, chequers_garden,
          nzn_life_drinkers
D:11:     layout_stronghold, david_lair_shrubbed, david_orc_2,
          portal_ice_cave_entry_pillars_2
D:12:     minmay_blocking_statues, layout_basic, gauntlet_entry_generic
D:13:     layout_roguey, grunt_vaults_entry_fortified, uniq_snorg, uniq_azrael
D:14:     layout_layer_cave
D:15:     hangedman_depths_entry_try_elsewhere_first, layout_loops_cross,
          minivault_26, nicolae_trove_entry_crossroad,
          nicolae_gozag_seed_capital
Temple:   dpeg_three_leaves_temple
Lair:1:   layout_regular_city, serial_bayou_shore_a
Lair:2:   layout_concentric_octagons, nzn_ghost_randoct, grunt_megastairs_4,
          uniq_gastronok
Lair:3:   layout_chaotic_city, minmay_swamp_entry_worms,
          nicolae_volcano_entry_s_turn, uniq_nergalle
Lair:4:   layout_regular_city, spider_nest_entry_funnel_web,
          infiniplex_staircase_pool_2, grunt_megastairs_1, uniq_nessos
Lair:5:   layout_regular_city, dpeg_slime_entry_enclosed_altar
Lair:6:   guppyfry_lair_end_dragon, layout_regular_city,
          hangedman_lair_tendril_chambers, hellmonk_ghost_happy_afterlife,
          chequers_serial_rivers_micro_d, uniq_urug, uniq_rupert
Swamp:1:  layout_falls_marsh, hangedman_swamp_blocks
Swamp:2:  layout_basic_swamp, hangedman_swamp_cone, swamp_pool1
Swamp:3:  layout_basic_swamp, nicolae_swamp_decorative_isthmus, swamp_pool3,
          nicolae_swamp_dense_foliage, uniq_kirke
Swamp:4:  swamp_basic_johnstein, layout_basic_swamp, swamp_pool1
Spider:1: layout_spider_delve, uniq_asterion
Spider:2: nicolae_spider_hall_of_the_moth_king, drop_trap, nicolae_crawler_farm
Spider:3: layout_spider_delve, uniq_mlioglotl
Spider:4: guppyfry_spider_rune
Orc:1:    layout_diamond_mine
Orc:2:    pf_orc_diabolical, layout_diamond_mine,
          gammafunk_ghost_berserking_beasts, uniq_donald
Vaults:1: hangedman_vaults_stream, nicolae_vaults_ninety_degrees, v_misc_2,
          grunt_vaults_twisty, vaults_room_octagon, v_misc_27,
          ontoclasm_vaults_echo, grunt_vaults_hallway_short,
          nicolae_vaults_asterisk, hangedman_vaults_cutoff,
          grunt_vaults_diagonal, nicolae_vaults_rhombus_6, v_misc_14,
          vaults_room_door_ring, vaults_dpeg_cross, layout_vaults_ring
Vaults:2: v_misc_13, nicolae_vaults_angled_halls, ontoclasm_vaults_fault,
          vaults_mumra_chevron_long, nicolae_vaults_yaktaur_gun_rack,
          vaults_room_pool, v_misc_8, v_misc_16,
          nicolae_vaults_little_squares_5, v_alt_pattern_5,
          nicolae_vaults_shelves_hall, vaults_dpeg_diagonal,
          layout_vaults_quadrants, uniq_mennas, uniq_jory

Skill      XL: |  1  2  3  4  5  6  7  8  9 10 11 12 13 14 15 16 17 18 19 |
---------------+----------------------------------------------------------+-----
Bows           | 6 7 8 9 11 12 19 21 23 24 | 24.7
Fighting       | 2 3 5 7 8 10 12 13 15 16 18 | 18.9
Dodging        | 3 4 5 6 7 8 11 12 14 15 17 | 17.7
Stealth        | 3 4 |  4.1
Armour         | 1 2 4 6 7 |  7.5
Evocations     | 2 6 7 9 |  9.6
Spellcasting   | 4 7 |  7.0
Translocations | 3 6 |  6.6
Earth Magic    | 3 |  3.5
Conjurations   | 1 2 |  2.5
Poison Magic   | 1 9 10 | 10.0
Air Magic      | 2 |  2.2
Transmutations | 6 |  6.0

Action                   |  1- 3 |  4- 6 |  7- 9 | 10-12 | 13-15 | 16-18 | 19-21 || total
-------------------------+-------+-------+-------+-------+-------+-------+-------++-------
Melee: Longbow           |       |       |       |       |       |     1 |       ||     1
 Fire: Shortbow          |    98 |   138 |   263 |   327 |       |       |       ||   826
       Longbow           |       |       |       |   434 |  1412 |  1786 |   476 ||  4108
Throw: Javelin           |       |       |       |       |     7 |       |       ||     7
 Cast: Olgreb's Toxic Ra |       |       |       |       |    16 |    31 |     4 ||    51
       Mephitic Cloud    |       |       |       |       |     7 |     1 |     1 ||     9
       Passwall          |       |       |       |       |     5 |     3 |       ||     8
       Alistair's Intoxi |       |       |       |       |     5 |     2 |     1 ||     8
       Blink             |       |       |       |       |       |     6 |     3 ||     9
Invok: Curse Item        |       |       |     1 |     6 |     1 |       |       ||     8
       Shatter the Chain |       |       |       |       |       |     1 |       ||     1
Evoke: Wand              |       |       |       |     1 |       |       |       ||     1
       Condenser vane    |       |       |       |       |     1 |       |     1 ||     2
       Lightning rod     |       |       |       |       |       |     2 |       ||     2
       Tin of tremorston |       |       |       |       |       |     1 |       ||     1
       Phial of floods   |       |       |       |       |       |       |     1 ||     1
  Use: Scroll            |     1 |    10 |     1 |     7 |     3 |     8 |     2 ||    32
       Potion            |       |     1 |     1 |     5 |     1 |     3 |     1 ||    12
Armor: Leather armour    |     3 |    25 |    18 |    58 |       |       |       ||   104
       Animal skin       |       |       |       |     9 |    57 |   100 |    31 ||   197
Dodge: Dodged            |     8 |    26 |    73 |   227 |   301 |   709 |   235 ||  1579

Table legend: (Time is in decaauts)
 A = Elapsed time spent in this place.
 B = Non-inter-level travel time spent in this place.
 C = Inter-level travel time spent in this place.
 D = Time resting spent in this place.
 E = Time spent auto-exploring this place.
 F = Levels seen in this place.
 G = Mean time per level.
                   A        B        C        D        E       F      G
               +--------+--------+--------+--------+--------+-----+--------+
         Total |  33284 |  30513 |   2771 |   3642 |  19170 |  38 |  875.9 |
       Dungeon |  12838 |  11662 |   1176 |   1234 |   8038 |  15 |  855.9 |
        Temple |     82 |     67 |     15 |      0 |     55 |   1 |   82.0 |
          Lair |   5407 |   4706 |    701 |    198 |   3417 |   6 |  901.2 |
         Swamp |   3243 |   3017 |    226 |    278 |   2043 |   4 |  810.8 |
   Spider Nest |   4411 |   3984 |    427 |    466 |   2493 |   4 | 1102.8 |
  Orcish Mines |   2003 |   1861 |    142 |    438 |    907 |   2 | 1001.5 |
        Vaults |   2590 |   2508 |     82 |    289 |   1512 |   2 | 1295.0 |
        Bailey |   1360 |   1360 |      0 |    354 |    412 |   1 | 1360.0 |
      Ice Cave |    770 |    770 |      0 |    345 |    126 |   1 |  770.0 |
       Volcano |    263 |    263 |      0 |     38 |     59 |   1 |  263.0 |
      Gauntlet |    312 |    312 |      0 |      0 |    107 |   1 |  312.0 |
               +--------+--------+--------+--------+--------+-----+--------+

Top non-repeatable levels by time:
Vaults:1: 1552 daAuts
   Orc:2: 1492 daAuts
     D:4: 1458 daAuts
Spider:4: 1393 daAuts
  Bailey: 1360 daAuts
  Lair:6: 1333 daAuts
    D:13: 1276 daAuts
 Swamp:4: 1215 daAuts
    D:11: 1193 daAuts
Spider:1: 1063 daAuts
     D:8: 1039 daAuts
Vaults:2: 1038 daAuts
  Lair:3: 1024 daAuts
Spider:3: 990 daAuts
Spider:2: 964 daAuts
